 Dungeon Crawl Stone Soup version 0.30-a0-223-gcb0039aa0c (webtiles) character file.

Game seed: 11270453478270018796

155125 qw the Severer (level 17, -2/110 HPs)
             Began as a Gargoyle Fighter on Oct 9, 2022.
             Was a High Priest of Okawaru.
             Slain by a goliath frog (8 damage)
             ... on level 3 of the Swamp.
             The game lasted 00:11:45 (28858 turns).

qw the Severer (Gargoyle Fighter)                  Turns: 28858, Time: 00:11:46

Health: -2/110     AC: 44    Str: 32    XL:     17   Next: 64%
Magic:  30/33      EV: 17    Int: 11    God:    Okawaru [*****.]
Gold:   1625       SH: 16    Dex: 22    Spells: 16/16 levels left

rFire   . . .      SeeInvis +    t - +2 hand axe (flame)
rCold   . . .      Faith    .    v - +0 kite shield of a ziggurat {Int+4}
rNeg    + . .      Spirit   .    H - +1 plate armour of Decompression {+Inv Int-2 Dex+4 SInv}
rPois   inf        Reflect  .    h - +2 hat
rElec   +          Harm     .    n - +2 cloak
rCorr   .          Rampage  .    s - +2 pair of gloves {Dex+3}
Will    ++...                    A - +2 pair of boots
Stlth   ..........               C - amulet "Pecorr" {Acrobat MP+9 Str+4}
HPRegen 0.38/turn                D - ring of willpower
MPRegen 0.23/turn                x - +6 ring of dexterity

@: about to teleport, heroic, finesse-ful, marked, flying
A: sickness immunity, AC +12, big wings, negative energy resistance 1,
electricity resistance, torment resistance 1, petrification resistance, beak
a: Renounce Religion, Evoke Invisibility, Heroism, Finesse, Duel


You were on level 3 of the Swamp.
You worshipped Okawaru.
Okawaru was extremely pleased with you.
You visited 6 branches of the dungeon, and saw 29 of its levels.
You also visited: Gauntlet.

You collected 3105 gold pieces.
You spent 1480 gold pieces at shops.


Innate Abilities, Weirdness & Mutations

You are immune to sickness and miasma.
Your stone body is resilient. (AC +12)
You are immune to poison.
Your large and strong wings let you fly.
You resist negative energy. (rN+)
You are resistant to electric shocks. (rElec)
You are resistant to unholy torment.
You are immune to petrification.
You have a beak for a mouth.


   Skills:
 + Level 13.9(18.9) Fighting
 - Level 18.0(23.0) Axes
 - Level 7.0(12.0) Throwing
 - Level 12.0(17.0) Armour
 - Level 8.0(13.0) Dodging
 - Level 13.5(18.5) Shields
 - Level 10.0 Invocations


You had 16 spell levels left.
You didn't know any spells.
Your spell library was empty.

Inventory:

Hand Weapons
 t - a +2 hand axe of flaming (weapon)
 z - the +12 broad axe of the Nurturing Oracle {freeze, rPois rF+ Dex+5}
   (You found it on level 8 of the Dungeon)

   It freezes those it strikes, dealing additional cold damage.
   It can also slow down cold-blooded creatures.
   Dex:       It affects your dexterity (+5).
   rF:        It protects you from fire.
   rPois:     It protects you from poison.
 F - the +8 war axe of Conservatism {holy, Drain +Blink rCorr Dex+2}
   (Okawaru gifted it to you on level 15 of the Dungeon)

   It has been blessed by the Shining One to cause great damage to the undead
   and demons.
   Dex:       It affects your dexterity (+2).
   +Blink:    It lets you blink.
   rCorr:     It protects you from acid and corrosion.
   Drain:     It drains your maximum health when unequipped.
Missiles
 e - 11 javelins
 i - 6 silver javelins (quivered)
 r - 25 boomerangs
Armour
 c - a +2 chain mail of cold resistance
 h - a +2 hat (worn)
 n - a +2 cloak (worn)
 s - a +2 pair of gloves of dexterity (worn)
 v - the +0 kite shield of a ziggurat (worn) {Int+4}
   (Okawaru gifted it to you on level 4 of the Lair of Beasts)

   Int:       It affects your intelligence (+4).
 w - +0 acid dragon scales
 A - a +2 pair of boots (worn)
 H - the +1 plate armour of Decompression (worn) {+Inv Int-2 Dex+4 SInv}
   (You bought it in a shop on level 1 of the Orcish Mines)

   Int:       It affects your intelligence (-2).
   Dex:       It affects your dexterity (+4).
   SInv:      It lets you see invisible.
   +Inv:      It lets you turn invisible.
Jewellery
 p - an amulet of reflection
 x - a +6 ring of dexterity (right hand)
 y - a ring of fire
 C - the amulet "Pecorr" (around neck) {Acrobat MP+9 Str+4}
   (You found it on level 8 of the Dungeon)

   [amulet of the acrobat]

   It increases your evasion while moving and waiting.
   Str:       It affects your strength (+4).
   MP:        It affects your magic capacity (+9).
 D - a ring of willpower (left hand)
 E - a ring of see invisible
Scrolls
 a - 16 scrolls of identify
 b - 6 scrolls of teleportation
 u - 3 scrolls of enchant weapon
 B - a scroll of enchant armour
Potions
 d - 10 potions of might
 f - 2 potions of resistance
 g - 3 potions of lignification
 j - 11 potions of curing
 k - 5 potions of attraction
 l - 2 potions of magic
 m - 4 potions of mutation
 o - 2 potions of cancellation
 q - 4 potions of haste
 G - a potion of heal wounds

Dungeon Overview and Level Annotations

Branches:
Dungeon (15/15)            Temple (1/1) D:5            Lair (5/5) D:10
  Swamp (3/4) Lair:2       Spider (3/4) Lair:2        Slime (0/5) Lair:4
    Orc (2/2) D:11            Elf (0/3) Orc:2        Vaults (0/5) D:13
 Depths (0/4) D:15        Gauntlet (visited)

Altars:
Ashenzari
Cheibriados
Dithmenos
Elyvilon
Fedhas
Gozag
Hepliaklqana
Kikubaaqudgha
Makhleb
Nemelex Xobeh
Okawaru
Qazlal
Ru
Sif Muna
Trog
Uskayaw
Vehumet
Wu Jian
Xom
Yredelemnul
Zin
The Shining One

Shops:
D:6 !   D:7 *   D:9 :   D:11 (   Orc:1 [   Orc:2 ?[(*

Portals:
Trove: D:12 (give 8 scrolls of fog)

Annotations:
D:2 Natasha
D:4 1 runed translucent door, Crazy Yiuf
D:6 2 runed translucent doors, qw's ghost, novice GrFi
Swamp:3 Donald


Message History

You chop one of the seven-headed hydra's heads off!
The flame cauterises the wound!
You slash the six-headed hydra! You burn the six-headed hydra.
You peck the six-headed hydra.
The six-headed hydra is heavily wounded.
You slash Donald! You burn Donald.
The goliath frog hits you but does no damage.
A swamp worm comes into view.
Donald hits you but does no damage.
A bunyip comes into view.
You lop one of the six-headed hydra's heads off!
The flame cauterises the wound!
You hit the five-headed hydra. You burn the five-headed hydra.
The five-headed hydra is heavily wounded.
You hit Donald. You burn Donald.
The spriggan druid gestures wildly while chanting.
The forest starts to sway and rumble!
You block the spriggan rider's attack. The five-headed hydra misses you.
You block the five-headed hydra's attack. x2
The five-headed hydra bites you but does no damage.
The five-headed hydra completely misses you.
You barely miss the five-headed hydra.
The five-headed hydra is heavily wounded.
Donald blocks your attack. You block the spriggan rider's attack.
The goliath frog hits you but does no damage.
You hit the five-headed hydra but do no damage.
You peck the five-headed hydra.
The five-headed hydra is heavily wounded.
You hit Donald but do no damage.
You are hit by a branch.
Donald hits you with a +5 long sword of flaming!!
Donald burns you.
28858 ||| READING 7 scrolls of teleportation.
As you read the scroll of teleportation, it crumbles to dust.
You feel strangely unstable.
You are hit by a branch!
You block Donald's attack.
A bog body comes into view.
The spriggan rider hits you but does no damage.
The goliath frog hits you from afar!
You die...

7.~~~7~.~~~~~.7
7~~~~~~i~~~¤..~~~
77.w¤~~~i.~~~.7~^~
7^~..~~~~~.x....~7.7
7~~~7Dt7~~~..~~~~~~7
.n77[~n~~i...~~.~~...~7
7..¤~nii.7..~.~~~~.7..
.¤7~~FD77i.~~~.~~..7
7~~~¤~[@@7...~~~~~7
7.~....7¤i.~~~~.~77
7....~~~~.~~~.><77
77~...~...~~¤~.77
7¤~..7~~~~~~~~7
7.~~....~~~~~.7
7~¤..777.~~~~.7 7..77
77~.~~.7 77~..7.


You could see Donald (fast, strong, reflecting), a bunyip, a five-headed hydra,
2 spriggan riders, a spriggan druid, a goliath frog, 2 bog bodies, a swamp worm,
a bloated husk and a spriggan.

Vanquished Creatures
  Jorgrun (D:15)
  4 thorn hunters (Swamp:2)
  2 emperor scorpions
  3 ghost moths
  A minotaur (Gauntlet)
  2 spark wasps (Spider:2)
  An entropy weaver (shapeshifter) (D:12)
  A shambling mangrove (Swamp:1)
  3 entropy weavers
  3 catoblepae (Lair:5)
  9 hydras
  2 radroaches
  4 centaur warriors
  A tengu warrior (D:15)
  9 alligators
  3 boulder beetles
  11 two-headed ogres
  12 death yaks
  Sonja (D:13)
  Urug (Lair:4)
  3 orc high priests (Orc:2)
  A fire crab (Gauntlet)
  2 orb spiders (Spider:3)
  6 pharaoh ants
  3 skeletal warriors (D:14)
  A sun moth (Spider:2)
  4 swamp dragons
  4 spriggan druids
  3 bog bodies
  7 steelbarb worms
  A wizard (D:14)
  Pikel (D:9)
  A necromancer (D:13)
  2 deep elf pyromancers
  5 orc knights (Orc:2)
  14 ugly things
  6 orc sorcerers (Orc:2)
  13 wolf spiders
  6 manticores
  A will-o-the-wisp (Swamp:1)
  3 cyclopes
  An elephant (shapeshifter) (D:15)
  A moth of wrath (Spider:3)
  4 black mambas
  A naga mage (D:15)
  17 elephants
  An eye of devastation (shapeshifter) (D:15)
  An unseen horror (D:12)
  2 torpor snails (Spider:3)
  6 cane toads
  6 demonic crawlers
  3 rime drakes
  A yaktaur (D:15)
  2 efreet
  10 komodo dragons
  A komodo dragon (shapeshifter) (D:14)
  6 meliai
  4 trolls
  12 tyrant leeches
  5 polar bears
  10 tarantellas
  5 dream sheep (Lair:4)
  6 hornets
  12 slime creatures
  5 blink frogs (Lair:5)
  10 jumping spiders
  6 spriggans
  10 culicivoras
  2 wraiths
  4 wyverns
  A fire elemental (Gauntlet)
  A vampire (D:11)
  3 fire bats (Gauntlet)
  4 basilisks (Lair:3)
  78 yaks
  A steam dragon (D:8)
  29 redbacks
  22 vampire mosquitoes
  8 swamp worms
  5 wargs
  A hell hound (Gauntlet)
  3 acid dragons
  11 water moccasins
  3 black bears
  28 orc warriors
  6 ice beasts
  A sky beast (D:7)
  6 ogres
  23 wolves
  4 boggarts (D:14)
  2 lemures (D:9)
  20 centaurs
  A kobold brigand (D:8)
  10 bullfrogs
  5 scorpions
  A gnoll sergeant (D:6)
  13 wights
  3 howler monkeys
  An electric eel (Spider:3)
  3 hounds
  2 jellies
  20 orc priests
  An iguana (D:5)
  Jessica (D:3)
  Ijyb (D:4)
  Natasha (D:2)
  25 orc wizards
  5 hell rats (Lair:4)
  11 adders
  14 gnolls
  A shadow imp (D:7)
  3 white imps
  2 ufetubi
  A worm (D:4)
  A dart slug (D:3)
  99 orcs
  3 bats
  8 endoplasms
  4 giant cockroaches
  7 goblins
  11 hobgoblins
  6 jackals
  3 quokkas
  16 ball pythons
  4 frilled lizards
  7 kobolds
  2 rats
  2 briar patches (Swamp:2)
873 creatures vanquished.

Vanquished Creatures (others)
  2 orc priests (Orc:2)
  3 briar patches (Swamp:2)
  A demonic plant (Gauntlet)
  6 foxfires (Swamp:1)
  32 fungi
  22 plants
66 creatures vanquished.

Grand Total: 939 creatures vanquished

Notes
Turn   | Place    | Note
-------+----------+-------------------------------------------
     0 | D:1      | qw the Gargoyle Fighter began the quest for the Orb.
     0 | D:1      | Reached XP level 1. HP: 14/14 MP: 1/1
     0 | D:1      | 0 ||| qw: Version: 0.2-a-17-g06abaee
     0 | D:1      | 0 ||| qw: Game counter: 2245
     0 | D:1      | 0 ||| qw: Always use a shield: true
     0 | D:1      | 0 ||| qw: God list: Okawaru
     0 | D:1      | 0 ||| qw: Allow faded altars: false
     0 | D:1      | 0 ||| qw: Do Orc after D:15 true
     0 | D:1      | 0 ||| qw: Do second Lair branch before Depths: true
     0 | D:1      | 0 ||| qw: Lair rune preference: random
     0 | D:1      | 0 ||| qw: Plans: Normal, Zot:1-4, God:TSO, Crypt, Tomb,
                  | Pan, Slime:5, Hells, Abyss, Orb
     0 | D:1      | 0 ||| PLANNING D:1-11
    87 | D:1      | Reached skill level 2 in Axes
   377 | D:1      | 377 ||| Stepping ~*~*~tactically~*~*~ (stealth).
   380 | D:1      | 380 ||| Stepping ~*~*~tactically~*~*~ (stealth).
   386 | D:1      | Reached XP level 2. HP: 19/19 MP: 2/2
   406 | D:1      | Found a faded altar of an unknown god.
   743 | D:1      | 743 ||| UPGRADING to +0 chain mail.
   753 | D:1      | 753 ||| DROPPING +0 scale mail.
   754 | D:1      | 754 ||| READING scroll labelled ZUTUSI YZUXIOTI.
   758 | D:1      | 758 ||| READING 2 scrolls labelled USUM CODIU.
   759 | D:1      | 759 ||| READING scroll of enchant weapon.
   759 | D:1      | 759 ||| ENCHANTING +1 war axe.
   760 | D:1      | 760 ||| READING scroll labelled CAID TIAGELLEWKIH.
   920 | D:2      | Reached skill level 3 in Axes
   931 | D:2      | Reached XP level 3. HP: 23/23 MP: 3/3
   958 | D:2      | 958 ||| Stepping ~*~*~tactically~*~*~ (stealth).
  1147 | D:2      | Noticed Natasha
  1148 | D:2      | 1148 ||| Stepping ~*~*~tactically~*~*~ (stealth).
  1150 | D:2      | 1150 ||| Stepping ~*~*~tactically~*~*~ (hiding).
  1162 | D:2      | Killed Natasha
  1163 | D:2      | Reached skill level 4 in Axes
  1163 | D:2      | Reached XP level 4. HP: 12/28 MP: 4/4
  1195 | D:2      | 1195 ||| FLEEEEING.
  1212 | D:2      | 1212 ||| FLEEEEING.
  1352 | D:2      | Noticed Natasha
  1370 | D:2      | 1370 ||| Stepping ~*~*~tactically~*~*~ (hiding).
  1377 | D:2      | HP: 6/28 [Natasha/magic dart (5)]
  1378 | D:2      | 1378 ||| READING 2 scrolls of teleportation.
  1650 | D:2      | 1650 ||| READING 2 scrolls labelled XEH YBRIUGH.
  1651 | D:2      | 1651 ||| READING scroll labelled SUIS JEUMAEFA.
  1707 | D:3      | 1707 ||| Stepping ~*~*~tactically~*~*~ (stealth).
  1708 | D:3      | 1708 ||| Stepping ~*~*~tactically~*~*~ (stealth).
  1709 | D:3      | 1709 ||| Stepping ~*~*~tactically~*~*~ (stealth).
  1762 | D:3      | 1762 ||| DROPPING +0 whip.
  1856 | D:3      | Noticed Jessica
  1862 | D:3      | Killed Jessica
  1863 | D:3      | Reached XP level 5. HP: 29/32 MP: 5/5
  1880 | D:3      | 1880 ||| Stepping ~*~*~tactically~*~*~ (stealth).
  1938 | D:3      | 1938 ||| Stepping ~*~*~tactically~*~*~ (stealth).
  2209 | D:3      | 2209 ||| Stepping ~*~*~tactically~*~*~ (stealth).
  2210 | D:3      | 2210 ||| Stepping ~*~*~tactically~*~*~ (stealth).
  2448 | D:3      | Reached skill level 5 in Axes
  2545 | D:3      | 2545 ||| UPGRADING to +1 hat.
  2550 | D:3      | 2550 ||| UPGRADING to +1 cloak.
  2555 | D:3      | 2555 ||| DROPPING ring of magical power.
  2556 | D:3      | 2556 ||| READING scroll labelled AFIUKLINEY.
  2557 | D:3      | 2557 ||| DRINKING 2 black potions.
  2558 | D:3      | 2558 ||| DRINKING 2 metallic orange potions.
  2577 | D:4      | Noticed a wyvern
  2582 | D:4      | HP: 3/32 [wyvern (7)]
  2583 | D:4      | 2583 ||| READING 6 scrolls of teleportation.
  2584 | D:4      | 2584 ||| DRINKING potion of heal wounds.
  2587 | D:4      | Killed a wyvern
  2588 | D:4      | Reached XP level 6. HP: 35/40 MP: 6/6
  2596 | D:4      | 2596 ||| Stepping ~*~*~tactically~*~*~ (stealth).
  2597 | D:4      | 2597 ||| Stepping ~*~*~tactically~*~*~ (stealth).
  2601 | D:4      | 2601 ||| Stepping ~*~*~tactically~*~*~ (stealth).
  3063 | D:4      | 3063 ||| Stepping ~*~*~tactically~*~*~ (stealth).
  3064 | D:4      | 3064 ||| Stepping ~*~*~tactically~*~*~ (stealth).
  3185 | D:4      | 3185 ||| Stepping ~*~*~tactically~*~*~ (stealth).
  3191 | D:4      | 3191 ||| Stepping ~*~*~tactically~*~*~ (hiding).
  3232 | D:4      | Reached XP level 7. HP: 38/44 MP: 7/7
  3373 | D:4      | Noticed Ijyb
  3374 | D:4      | 3374 ||| Stepping ~*~*~tactically~*~*~ (hiding).
  3392 | D:4      | Killed Ijyb
  3419 | D:4      | 3419 ||| Stepping ~*~*~tactically~*~*~ (stealth).
  3779 | D:4      | Found a runed translucent door.
  3780 | D:4      | Noticed Crazy Yiuf
  3828 | D:4      | Found a blossoming altar of Fedhas.
  3831 | D:4      | Found a broken altar of Ashenzari.
  3835 | D:4      | Found a shimmering altar of Xom.
  3882 | D:4      | 3882 ||| UPGRADING to ring of willpower.
  3883 | D:4      | 3883 ||| READING scroll labelled NERAOF KIEFABE.
  3884 | D:4      | 3884 ||| DRINKING 2 sapphire potions.
  3885 | D:4      | 3885 ||| DRINKING 2 yellow potions.
  3885 | D:4      | Gained mutation: You have large cloven feet. [potion of
                  | mutation]
  3885 | D:4      | Gained mutation: You have a beak for a mouth. [potion of
                  | mutation]
  3885 | D:4      | Lost mutation: You have large cloven feet. [potion of
                  | mutation]
  3886 | D:4      | 3886 ||| READING 3 scrolls of identify.
  3886 | D:4      | 3886 ||| IDENTIFYING viscous blue potion
  3887 | D:4      | 3887 ||| READING 2 scrolls of identify.
  3887 | D:4      | 3887 ||| IDENTIFYING metallic inky potion
  3925 | D:5      | Entered Level 5 of the Dungeon
  4005 | D:5      | Reached skill level 6 in Axes
  4014 | D:5      | 4014 ||| Stepping ~*~*~tactically~*~*~ (stealth).
  4019 | D:5      | 4019 ||| Stepping ~*~*~tactically~*~*~ (stealth).
  4020 | D:5      | 4020 ||| Stepping ~*~*~tactically~*~*~ (stealth).
  4059 | D:5      | 4059 ||| Stepping ~*~*~tactically~*~*~ (stealth).
  4062 | D:5      | 4062 ||| Stepping ~*~*~tactically~*~*~ (stealth).
  4064 | D:5      | 4064 ||| Stepping ~*~*~tactically~*~*~ (hiding).
  4067 | D:5      | 4067 ||| Stepping ~*~*~tactically~*~*~ (hiding).
  4079 | D:5      | HP: 10/44 [orc/+0 whip (3)]
  4080 | D:5      | 4080 ||| READING 5 scrolls of teleportation.
  4081 | D:5      | 4081 ||| DRINKING potion of heal wounds.
  4149 | D:5      | 4149 ||| Stepping ~*~*~tactically~*~*~ (stealth).
  4159 | D:5      | Reached XP level 8. HP: 45/49 MP: 8/8
  4170 | D:5      | Reached skill level 7 in Axes
  4281 | D:5      | Found a white marble altar of Elyvilon.
  4380 | D:5      | Identified the +3 leather armour "Mupucoti" {Slay+2}
  4441 | D:5      | Found a staircase to the Ecumenical Temple.
  4442 | D:5      | 4442 ||| PLANNING TEMPLE
  4442 | D:5      | 4442 ||| DRINKING 2 pink potions.
  4443 | D:5      | 4443 ||| READING 2 scrolls of identify.
  4443 | D:5      | 4443 ||| IDENTIFYING silvery potion
  4444 | D:5      | 4444 ||| DROPPING potion of degeneration.
  4445 | D:5      | 4445 ||| DROPPING potion of flight.
  4454 | Temple   | Entered the Ecumenical Temple
  4516 | Temple   | 4516 ||| PLANNING OKAWARU WORSHIP
  4554 | Temple   | Became a worshipper of Warmaster Okawaru
  4555 | Temple   | 4555 ||| PLANNING D:1-11
  4590 | D:5      | Reached skill level 1 in Throwing
  4821 | D:5      | 4821 ||| Stepping ~*~*~tactically~*~*~ (stealth).
  4823 | D:5      | 4823 ||| Stepping ~*~*~tactically~*~*~ (stealth).
  4900 | D:5      | 4900 ||| DRINKING 2 purple potions.
  4901 | D:5      | 4901 ||| DROPPING potion of brilliance.
  4912 | D:6      | 4912 ||| STAIRDANCE
  4980 | D:6      | Found a runed translucent door.
  4984 | D:6      | Noticed qw's ghost (novice GrFi)
  5001 | D:6      | Reached skill level 8 in Axes
  5001 | D:6      | 5001 ||| Stepping ~*~*~tactically~*~*~ (stealth).
  5006 | D:6      | Reached * piety under Okawaru
  5007 | D:6      | 5007 ||| INVOKING Heroism.
  5031 | D:6      | Reached skill level 6 in Fighting
  5031 | D:6      | 5031 ||| INVOKING Heroism.
  5064 | D:6      | 5064 ||| Stepping ~*~*~tactically~*~*~ (stealth).
  5065 | D:6      | 5065 ||| Stepping ~*~*~tactically~*~*~ (stealth).
  5163 | D:6      | 5163 ||| DROPPING +0 flail.
  5283 | D:6      | 5283 ||| Stepping ~*~*~tactically~*~*~ (stealth).
  5318 | D:6      | Reached skill level 1 in Invocations
  5318 | D:6      | Reached XP level 9. HP: 55/55 MP: 8/10
  5356 | D:6      | 5356 ||| Stepping ~*~*~tactically~*~*~ (hiding).
  5540 | D:6      | Found a runed translucent door.
  5652 | D:6      | 5652 ||| INVOKING Heroism.
  5694 | D:6      | 5694 ||| INVOKING Heroism.
  5754 | D:6      | Reached skill level 3 in Invocations
  5764 | D:6      | Found Xeahudghi's Distillery.
  5770 | D:6      | 5770 ||| BUYING 2 potions of might (112 gold).
  5770 | D:6      | Bought 2 potions of might for 112 gold pieces
  5770 | D:6      | 5770 ||| BUYING potion of curing (42 gold).
  5770 | D:6      | Bought a potion of curing for 42 gold pieces
  5770 | D:6      | 5770 ||| BUYING potion of curing (42 gold).
  5770 | D:6      | Bought a potion of curing for 42 gold pieces
  5770 | D:6      | 5770 ||| BUYING potion of curing (42 gold).
  5770 | D:6      | Bought a potion of curing for 42 gold pieces
  5770 | D:6      | 5770 ||| BUYING potion of curing (42 gold).
  5770 | D:6      | Bought a potion of curing for 42 gold pieces
  5770 | D:6      | 5770 ||| SHOPLISTING potion of curing (42 gold, have 15).
  5770 | D:6      | 5770 ||| SHOPLISTING potion of heal wounds (70 gold, have
                  | 15).
  5770 | D:6      | 5770 ||| SHOPLISTING potion of might (56 gold, have 15).
  5813 | D:6      | 5813 ||| READING scroll labelled TAULUE UMINIP.
  5814 | D:6      | 5814 ||| DRINKING 2 grey potions.
  5815 | D:6      | 5815 ||| DRINKING 2 sedimented amethyst potions.
  5920 | D:6      | 5920 ||| READING 2 scrolls of identify.
  5920 | D:6      | 5920 ||| IDENTIFYING emerald potion
  5921 | D:6      | 5921 ||| DROPPING potion of berserk rage.
  6061 | D:7      | 6061 ||| READING scroll of enchant weapon.
  6061 | D:7      | 6061 ||| ENCHANTING +2 war axe.
  6244 | D:7      | Reached skill level 9 in Axes
  6269 | D:7      | 6269 ||| Stepping ~*~*~tactically~*~*~ (stealth).
  6271 | D:7      | 6271 ||| Stepping ~*~*~tactically~*~*~ (hiding).
  6409 | D:7      | 6409 ||| INVOKING Heroism.
  6622 | D:7      | Found Zin's Purification Station.
  6623 | D:7      | Found a glowing silver altar of Zin.
  6631 | D:7      | 6631 ||| SHOPLISTING potion of curing (90 gold, have 52).
  6734 | D:7      | 6734 ||| INVOKING Heroism.
  6891 | D:7      | 6891 ||| INVOKING Heroism.
  6902 | D:7      | Reached ** piety under Okawaru
  7124 | D:7      | 7124 ||| DROPPING +1 hat.
  7125 | D:7      | 7125 ||| UPGRADING to +0 pair of boots.
  7286 | D:8      | 7286 ||| Stepping ~*~*~tactically~*~*~ (stealth).
  7289 | D:8      | 7289 ||| Stepping ~*~*~tactically~*~*~ (stealth).
  7291 | D:8      | 7291 ||| INVOKING Heroism.
  7294 | D:8      | 7294 ||| Stepping ~*~*~tactically~*~*~ (stealth).
  7297 | D:8      | 7297 ||| Stepping ~*~*~tactically~*~*~ (stealth).
  7363 | D:8      | Reached XP level 10. HP: 63/63 MP: 13/13
  7371 | D:8      | 7371 ||| Stepping ~*~*~tactically~*~*~ (hiding).
  7372 | D:8      | 7372 ||| Stepping ~*~*~tactically~*~*~ (stealth).
  7527 | D:8      | 7527 ||| INVOKING Heroism.
  7536 | D:8      | Reached skill level 10 in Axes
  7589 | D:8      | 7589 ||| Stepping ~*~*~tactically~*~*~ (hiding).
  7594 | D:8      | 7594 ||| INVOKING Heroism.
  7617 | D:8      | Reached skill level 3 in Throwing
  7617 | D:8      | HP: 16/64 [gnoll/+0 flail (6)]
  7618 | D:8      | 7618 ||| READING 6 scrolls of teleportation.
  7620 | D:8      | 7620 ||| INVOKING Heroism.
  7622 | D:8      | 7622 ||| DRINKING potion of heal wounds.
  7761 | D:8      | Reached *** piety under Okawaru
  7802 | D:8      | 7802 ||| Stepping ~*~*~tactically~*~*~ (hiding).
  7803 | D:8      | 7803 ||| Stepping ~*~*~tactically~*~*~ (hiding).
  7816 | D:8      | 7816 ||| Stepping ~*~*~tactically~*~*~ (stealth).
  7818 | D:8      | 7818 ||| INVOKING Heroism.
  7896 | D:8      | Identified the +12 broad axe of the Nurturing Oracle
                  | {freeze, rPois rF+ Dex+5}
  7898 | D:8      | 7898 ||| SWAPPING to +12 broad axe of the Nurturing Oracle
                  | {freeze, rPois rF+ Dex+5}.
  7899 | D:8      | 7899 ||| DROPPING +3 war axe.
  8063 | D:8      | Noticed a two-headed ogre
  8064 | D:8      | 8064 ||| INVOKING Heroism.
  8069 | D:8      | Killed a two-headed ogre
  8070 | D:8      | Reached skill level 6 in Armour
  8085 | D:8      | Identified the amulet "Pecorr" {Acrobat MP+9 Str+4}
  8134 | D:8      | 8134 ||| Stepping ~*~*~tactically~*~*~ (hiding).
  8135 | D:8      | 8135 ||| Stepping ~*~*~tactically~*~*~ (hiding).
  8243 | D:8      | Found a stormy altar of Qazlal.
  8299 | D:8      | 8299 ||| UPGRADING to +2 pair of boots.
  8309 | D:8      | 8309 ||| DROPPING +0 pair of boots.
  8310 | D:8      | 8310 ||| UPGRADING to amulet "Pecorr" {Acrobat MP+9 Str+4}.
  8365 | D:8      | 8365 ||| READING scroll labelled WIOPHU XYRCHE.
  8366 | D:8      | 8366 ||| READING scroll labelled MIHIOSE BOETYU.
  8367 | D:8      | 8367 ||| READING scroll labelled BADIMAOSTRY.
  8409 | D:8      | 8409 ||| READING scroll labelled XORUPHIRYH.
  8410 | D:8      | 8410 ||| READING 5 scrolls of identify.
  8410 | D:8      | 8410 ||| IDENTIFYING orange potion
  8427 | D:9      | 8427 ||| INVOKING Heroism.
  8512 | D:9      | 8512 ||| Stepping ~*~*~tactically~*~*~ (stealth).
  8554 | D:9      | Noticed a boulder beetle
  8555 | D:9      | 8555 ||| INVOKING Heroism.
  8566 | D:9      | Killed a boulder beetle
  8597 | D:9      | Found Coet's Book Boutique.
  8648 | D:9      | 8648 ||| Stepping ~*~*~tactically~*~*~ (hiding).
  8650 | D:9      | 8650 ||| Stepping ~*~*~tactically~*~*~ (hiding).
  8689 | D:9      | 8689 ||| Stepping ~*~*~tactically~*~*~ (stealth).
  8690 | D:9      | 8690 ||| Stepping ~*~*~tactically~*~*~ (stealth).
  8692 | D:9      | 8692 ||| Stepping ~*~*~tactically~*~*~ (hiding).
  8700 | D:9      | 8700 ||| Stepping ~*~*~tactically~*~*~ (stealth).
  8868 | D:9      | 8868 ||| Stepping ~*~*~tactically~*~*~ (stealth).
  8882 | D:9      | Reached skill level 11 in Axes
  8939 | D:9      | 8939 ||| Stepping ~*~*~tactically~*~*~ (hiding).
  8946 | D:9      | Reached **** piety under Okawaru
  8950 | D:9      | 8950 ||| Stepping ~*~*~tactically~*~*~ (hiding).
  8959 | D:9      | Reached XP level 11. HP: 65/68 MP: 14/14
  8968 | D:9      | 8968 ||| READING scroll of enchant armour.
  8968 | D:9      | 8968 ||| ENCHANTING +1 hat.
  9000 | D:9      | Noticed Pikel
  9002 | D:9      | 9002 ||| Stepping ~*~*~tactically~*~*~ (hiding).
  9003 | D:9      | 9003 ||| Stepping ~*~*~tactically~*~*~ (hiding).
  9007 | D:9      | 9007 ||| INVOKING Heroism.
  9010 | D:9      | Killed Pikel
  9173 | D:9      | 9173 ||| Stepping ~*~*~tactically~*~*~ (stealth).
  9177 | D:9      | 9177 ||| Stepping ~*~*~tactically~*~*~ (hiding).
  9180 | D:9      | 9180 ||| Stepping ~*~*~tactically~*~*~ (hiding).
  9181 | D:9      | 9181 ||| Stepping ~*~*~tactically~*~*~ (hiding).
  9182 | D:9      | 9182 ||| Stepping ~*~*~tactically~*~*~ (hiding).
  9236 | D:9      | 9236 ||| Stepping ~*~*~tactically~*~*~ (stealth).
  9238 | D:9      | 9238 ||| Stepping ~*~*~tactically~*~*~ (hiding).
  9462 | D:9      | 9462 ||| Stepping ~*~*~tactically~*~*~ (stealth).
  9623 | D:10     | Entered Level 10 of the Dungeon
  9624 | D:10     | 9624 ||| Stepping ~*~*~tactically~*~*~ (hiding).
  9776 | D:10     | Noticed a two-headed ogre
  9777 | D:10     | 9777 ||| Stepping ~*~*~tactically~*~*~ (stealth).
  9784 | D:10     | 9784 ||| INVOKING Heroism.
  9787 | D:10     | Killed a two-headed ogre
  9788 | D:10     | Reached skill level 6 in Invocations
  9822 | D:10     | Found a staircase to the Lair.
 10113 | D:10     | 10113 ||| INVOKING Heroism.
 10144 | D:10     | Reached skill level 9 in Fighting
 10527 | D:10     | 10527 ||| INVOKING Heroism.
 10629 | D:10     | 10629 ||| PLANNING LAIR
 10629 | D:10     | 10629 ||| READING scroll labelled ORPHAM HENLOOWENN.
 10687 | Lair:1   | Entered Level 1 of the Lair of Beasts
 10728 | Lair:1   | 10728 ||| INVOKING Heroism.
 10827 | Lair:1   | Received a gift from Okawaru
 10903 | Lair:1   | 10903 ||| INVOKING Heroism.
 10907 | Lair:1   | Reached skill level 3 in Dodging
 10985 | Lair:1   | Reached ***** piety under Okawaru
 11451 | Lair:1   | 11451 ||| DROPPING +1 pair of boots of stealth.
 11452 | Lair:1   | 11452 ||| UPGRADING to +6 ring of dexterity.
 11453 | Lair:1   | 11453 ||| READING scroll labelled WOVOQU XITOMAO.
 11454 | Lair:1   | 11454 ||| READING 7 scrolls of identify.
 11454 | Lair:1   | 11454 ||| IDENTIFYING green potion
 11455 | Lair:1   | 11455 ||| DROPPING potion of invisibility.
 11495 | Lair:2   | 11495 ||| INVOKING Heroism.
 11496 | Lair:2   | 11496 ||| STAIRDANCE
 11532 | Lair:2   | 11532 ||| STAIRDANCE
 11534 | Lair:1   | 11534 ||| INVOKING Heroism.
 11620 | Lair:2   | Identified the +10 sling of Defenestration {venom, rPois
                  | MP+9 Str+4 Int-3}
 11639 | Lair:2   | 11639 ||| INVOKING Heroism.
 11682 | Lair:2   | 11682 ||| INVOKING Heroism.
 11697 | Lair:2   | Reached XP level 12. HP: 64/76 MP: 18/18
 11876 | Lair:2   | 11876 ||| INVOKING Heroism.
 11881 | Lair:2   | Reached skill level 9 in Invocations
 11903 | Lair:2   | Noticed a death yak
 11904 | Lair:2   | 11904 ||| INVOKING Finesse.
 11909 | Lair:2   | Noticed a death yak
 11910 | Lair:2   | Killed a death yak
 11910 | Lair:2   | Received a gift from Okawaru
 11914 | Lair:2   | Noticed a death yak
 11924 | Lair:2   | Killed a death yak
 11930 | Lair:2   | Killed a death yak
 12018 | Lair:2   | 12018 ||| Stepping ~*~*~tactically~*~*~ (hiding).
 12020 | Lair:2   | 12020 ||| Stepping ~*~*~tactically~*~*~ (hiding).
 12023 | Lair:2   | Reached skill level 12 in Axes
 12069 | Lair:2   | 12069 ||| Stepping ~*~*~tactically~*~*~ (hiding).
 12070 | Lair:2   | 12070 ||| Stepping ~*~*~tactically~*~*~ (hiding).
 12176 | Lair:2   | Found a hole to the Spider Nest.
 12276 | Lair:2   | Found a staircase to the Swamp.
 12277 | Lair:2   | 12277 ||| Stepping ~*~*~tactically~*~*~ (stealth).
 12285 | Lair:2   | Reached skill level 6 in Shields
 12573 | Lair:2   | 12573 ||| UPGRADING to +1 pair of gloves of dexterity.
 12616 | Lair:3   | 12616 ||| Stepping ~*~*~tactically~*~*~ (hiding).
 12617 | Lair:3   | 12617 ||| Stepping ~*~*~tactically~*~*~ (hiding).
 12644 | Lair:3   | 12644 ||| Stepping ~*~*~tactically~*~*~ (stealth).
 12653 | Lair:3   | 12653 ||| Stepping ~*~*~tactically~*~*~ (stealth).
 12655 | Lair:3   | 12655 ||| Stepping ~*~*~tactically~*~*~ (hiding).
 12657 | Lair:3   | 12657 ||| Stepping ~*~*~tactically~*~*~ (hiding).
 12671 | Lair:3   | 12671 ||| Stepping ~*~*~tactically~*~*~ (stealth).
 12675 | Lair:3   | 12675 ||| INVOKING Heroism.
 12746 | Lair:3   | 12746 ||| INVOKING Heroism.
 12761 | Lair:3   | Received a gift from Okawaru
 12801 | Lair:3   | 12801 ||| INVOKING Heroism.
 12936 | Lair:3   | Reached skill level 13 in Axes
 12946 | Lair:3   | 12946 ||| INVOKING Heroism.
 12989 | Lair:3   | Noticed a seven-headed hydra
 12990 | Lair:3   | 12990 ||| INVOKING Heroism.
 12991 | Lair:3   | 12991 ||| SWAPPING to +2 hand axe of flaming.
 12992 | Lair:3   | 12992 ||| Stepping ~*~*~tactically~*~*~ (stealth).
 13000 | Lair:3   | Killed a two-headed hydra
 13001 | Lair:3   | Reached XP level 13. HP: 57/82 MP: 20/20
 13001 | Lair:3   | 13001 ||| SWAPPING to +12 broad axe of the Nurturing Oracle
                  | {freeze, rPois rF+ Dex+5}.
 13133 | Lair:3   | 13133 ||| INVOKING Heroism.
 13134 | Lair:3   | 13134 ||| INVOKING Finesse.
 13136 | Lair:3   | 13136 ||| SWAPPING to +2 hand axe of flaming.
 13141 | Lair:3   | 13141 ||| SWAPPING to +12 broad axe of the Nurturing Oracle
                  | {freeze, rPois rF+ Dex+5}.
 13312 | Lair:3   | 13312 ||| INVOKING Heroism.
 13425 | Lair:3   | 13425 ||| READING scroll of enchant armour.
 13425 | Lair:3   | 13425 ||| ENCHANTING +1 pair of gloves of dexterity.
 13551 | Lair:3   | 13551 ||| DROPPING +0 ring mail of cold resistance.
 13552 | Lair:3   | 13552 ||| UPGRADING to +2 chain mail of positive energy.
 13562 | Lair:3   | 13562 ||| DROPPING +0 chain mail.
 13598 | Lair:4   | 13598 ||| STAIRDANCE
 13622 | Lair:4   | 13622 ||| Stepping ~*~*~tactically~*~*~ (stealth).
 13627 | Lair:4   | 13627 ||| Stepping ~*~*~tactically~*~*~ (stealth).
 13629 | Lair:4   | 13629 ||| Stepping ~*~*~tactically~*~*~ (stealth).
 13630 | Lair:4   | 13630 ||| Stepping ~*~*~tactically~*~*~ (stealth).
 13631 | Lair:4   | 13631 ||| INVOKING Heroism.
 13635 | Lair:4   | 13635 ||| Stepping ~*~*~tactically~*~*~ (stealth).
 13648 | Lair:4   | Received a gift from Okawaru
 13654 | Lair:4   | 13654 ||| Stepping ~*~*~tactically~*~*~ (stealth).
 13655 | Lair:4   | 13655 ||| Stepping ~*~*~tactically~*~*~ (stealth).
 13659 | Lair:4   | 13659 ||| Stepping ~*~*~tactically~*~*~ (hiding).
 13669 | Lair:4   | 13669 ||| Stepping ~*~*~tactically~*~*~ (stealth).
 13669 | Lair:4   | Noticed Urug
 13670 | Lair:4   | 13670 ||| INVOKING Finesse.
 13674 | Lair:4   | Killed Urug
 13774 | Lair:4   | 13774 ||| Stepping ~*~*~tactically~*~*~ (stealth).
 13780 | Lair:4   | Found a staircase to the Slime Pits.
 13782 | Lair:4   | 13782 ||| INVOKING Heroism.
 13783 | Lair:4   | 13783 ||| INVOKING Finesse.
 13788 | Lair:4   | 13788 ||| SWAPPING to +2 hand axe of flaming.
 13790 | Lair:4   | 13790 ||| SWAPPING to +12 broad axe of the Nurturing Oracle
                  | {freeze, rPois rF+ Dex+5}.
 13921 | Lair:4   | 13921 ||| Stepping ~*~*~tactically~*~*~ (stealth).
 13922 | Lair:4   | 13922 ||| Stepping ~*~*~tactically~*~*~ (stealth).
 13923 | Lair:4   | 13923 ||| Stepping ~*~*~tactically~*~*~ (stealth).
 13924 | Lair:4   | 13924 ||| Stepping ~*~*~tactically~*~*~ (stealth).
 13925 | Lair:4   | 13925 ||| Stepping ~*~*~tactically~*~*~ (stealth).
 13926 | Lair:4   | 13926 ||| INVOKING Heroism.
 13927 | Lair:4   | 13927 ||| INVOKING Finesse.
 13928 | Lair:4   | 13928 ||| Stepping ~*~*~tactically~*~*~ (stealth).
 13929 | Lair:4   | 13929 ||| Stepping ~*~*~tactically~*~*~ (stealth).
 13941 | Lair:4   | Reached skill level 14 in Axes
 13943 | Lair:4   | Received a gift from Okawaru
 13952 | Lair:4   | 13952 ||| INVOKING Heroism.
 14008 | Lair:4   | 14008 ||| Stepping ~*~*~tactically~*~*~ (stealth).
 14013 | Lair:4   | 14013 ||| Stepping ~*~*~tactically~*~*~ (stealth).
 14019 | Lair:4   | 14019 ||| Stepping ~*~*~tactically~*~*~ (stealth).
 14022 | Lair:4   | 14022 ||| Stepping ~*~*~tactically~*~*~ (stealth).
 14111 | Lair:4   | 14111 ||| Stepping ~*~*~tactically~*~*~ (stealth).
 14113 | Lair:4   | 14113 ||| Stepping ~*~*~tactically~*~*~ (stealth).
 14115 | Lair:4   | 14115 ||| INVOKING Heroism.
 14116 | Lair:4   | 14116 ||| Stepping ~*~*~tactically~*~*~ (stealth).
 14123 | Lair:4   | Identified the +0 kite shield of a ziggurat {Int+4}
                  | (Okawaru gifted it to you on level 4 of the Lair of Beasts)
 14123 | Lair:4   | Received a gift from Okawaru
 14128 | Lair:4   | 14128 ||| Stepping ~*~*~tactically~*~*~ (stealth).
 14129 | Lair:4   | 14129 ||| Stepping ~*~*~tactically~*~*~ (stealth).
 14130 | Lair:4   | 14130 ||| Stepping ~*~*~tactically~*~*~ (stealth).
 14234 | Lair:4   | 14234 ||| Stepping ~*~*~tactically~*~*~ (stealth).
 14235 | Lair:4   | 14235 ||| INVOKING Heroism.
 14554 | Lair:4   | 14554 ||| UPGRADING to +3 chain mail of willpower.
 14564 | Lair:4   | 14564 ||| DROPPING +2 chain mail of positive energy.
 14565 | Lair:4   | 14565 ||| UPGRADING to +0 kite shield of a ziggurat
                  | {Int+4}.
 14575 | Lair:4   | 14575 ||| DROPPING +0 buckler.
 14576 | Lair:4   | 14576 ||| DROPPING amulet of the acrobat.
 14600 | Lair:5   | Entered Level 5 of the Lair of Beasts
 14626 | Lair:5   | 14626 ||| INVOKING Heroism.
 14631 | Lair:5   | 14631 ||| Stepping ~*~*~tactically~*~*~ (stealth).
 14632 | Lair:5   | 14632 ||| Stepping ~*~*~tactically~*~*~ (stealth).
 14698 | Lair:5   | 14698 ||| INVOKING Heroism.
 14699 | Lair:5   | 14699 ||| INVOKING Finesse.
 14701 | Lair:5   | 14701 ||| SWAPPING to +2 hand axe of flaming.
 14704 | Lair:5   | 14704 ||| SWAPPING to +12 broad axe of the Nurturing Oracle
                  | {freeze, rPois rF+ Dex+5}.
 14841 | Lair:5   | Gained mutation: Your large and strong wings let you fly.
                  | [Gargoyle growth]
 14841 | Lair:5   | Reached XP level 14. HP: 90/90 MP: 21/21
 14881 | Lair:5   | 14881 ||| Stepping ~*~*~tactically~*~*~ (stealth).
 14882 | Lair:5   | 14882 ||| Stepping ~*~*~tactically~*~*~ (stealth).
 14893 | Lair:5   | 14893 ||| Stepping ~*~*~tactically~*~*~ (stealth).
 14896 | Lair:5   | 14896 ||| INVOKING Heroism.
 14945 | Lair:5   | Reached skill level 9 in Shields
 14946 | Lair:5   | 14946 ||| INVOKING Heroism.
 14957 | Lair:5   | 14957 ||| INVOKING Finesse.
 15150 | Lair:5   | 15150 ||| Stepping ~*~*~tactically~*~*~ (stealth).
 15206 | Lair:5   | 15206 ||| INVOKING Heroism.
 15207 | Lair:5   | 15207 ||| INVOKING Finesse.
 15211 | Lair:5   | 15211 ||| SWAPPING to +2 hand axe of flaming.
 15217 | Lair:5   | 15217 ||| SWAPPING to +12 broad axe of the Nurturing Oracle
                  | {freeze, rPois rF+ Dex+5}.
 15437 | Lair:5   | 15437 ||| INVOKING Heroism.
 15438 | Lair:5   | 15438 ||| INVOKING Finesse.
 15452 | Lair:5   | 15452 ||| Stepping ~*~*~tactically~*~*~ (stealth).
 15467 | Lair:5   | 15467 ||| Stepping ~*~*~tactically~*~*~ (hiding).
 15473 | Lair:5   | 15473 ||| Stepping ~*~*~tactically~*~*~ (stealth).
 15568 | Lair:5   | 15568 ||| INVOKING Heroism.
 15569 | Lair:5   | 15569 ||| INVOKING Finesse.
 15603 | Lair:5   | 15603 ||| Stepping ~*~*~tactically~*~*~ (stealth).
 15609 | Lair:5   | 15609 ||| INVOKING Heroism.
 15610 | Lair:5   | 15610 ||| INVOKING Finesse.
 15629 | Lair:5   | Reached skill level 9 in Armour
 15676 | Lair:5   | 15676 ||| INVOKING Heroism.
 15677 | Lair:5   | 15677 ||| INVOKING Finesse.
 15681 | Lair:5   | Received a gift from Okawaru
 15990 | Lair:5   | 15990 ||| INVOKING Heroism.
 16065 | Lair:5   | 16065 ||| PLANNING D:1-11
 16192 | D:11     | Found Dogezip's Antique Weapon Shoppe.
 16205 | D:11     | Reached skill level 12 in Shields
 16256 | D:11     | 16256 ||| INVOKING Heroism.
 16296 | D:11     | Found a staircase to the Orcish Mines.
 16344 | D:11     | 16344 ||| Stepping ~*~*~tactically~*~*~ (stealth).
 16350 | D:11     | Received a gift from Okawaru
 16455 | D:11     | 16455 ||| Stepping ~*~*~tactically~*~*~ (hiding).
 16460 | D:11     | 16460 ||| INVOKING Heroism.
 16552 | D:11     | 16552 ||| INVOKING Heroism.
 16556 | D:11     | Reached skill level 6 in Throwing
 16744 | D:11     | 16744 ||| FLEEEEING.
 16745 | D:11     | 16745 ||| FLEEEEING.
 16746 | D:11     | 16746 ||| FLEEEEING.
 16747 | D:11     | 16747 ||| FLEEEEING.
 16748 | D:11     | 16748 ||| FLEEEEING.
 16749 | D:11     | 16749 ||| FLEEEEING.
 16750 | D:11     | 16750 ||| FLEEEEING.
 16751 | D:11     | 16751 ||| INVOKING Heroism.
 16752 | D:11     | 16752 ||| INVOKING Finesse.
 16946 | D:11     | 16946 ||| INVOKING Heroism.
 17031 | D:11     | 17031 ||| PLANNING D
 17101 | D:12     | 17101 ||| INVOKING Heroism.
 17102 | D:12     | 17102 ||| READING 7 scrolls of teleportation.
 17425 | D:12     | 17425 ||| Stepping ~*~*~tactically~*~*~ (hiding).
 17465 | D:12     | 17465 ||| Stepping ~*~*~tactically~*~*~ (stealth).
 17467 | D:12     | 17467 ||| Stepping ~*~*~tactically~*~*~ (stealth).
 17470 | D:12     | 17470 ||| Stepping ~*~*~tactically~*~*~ (hiding).
 17619 | D:12     | 17619 ||| INVOKING Finesse.
 17623 | D:12     | Received a gift from Okawaru
 17663 | D:12     | 17663 ||| Stepping ~*~*~tactically~*~*~ (hiding).
 17781 | D:12     | 17781 ||| INVOKING Heroism.
 17898 | D:12     | Found a broken altar of Ashenzari.
 18037 | D:12     | 18037 ||| INVOKING Heroism.
 18070 | D:12     | Reached skill level 15 in Axes
 18127 | D:12     | Found a portal to a secret trove of treasure.
 18186 | D:12     | 18186 ||| DRINKING 4 fuming grey potions.
 18287 | D:12     | 18287 ||| DROPPING 3 potions of ambrosia.
 18330 | D:13     | 18330 ||| PLANNING GAUNTLET
 18435 | D:13     | 18435 ||| INVOKING Heroism.
 18439 | D:13     | Reached XP level 15. HP: 85/94 MP: 22/22
 18442 | D:13     | Received a gift from Okawaru
 18587 | D:13     | 18587 ||| INVOKING Heroism.
 18774 | D:13     | Reached skill level 6 in Dodging
 18778 | D:13     | Found a gate leading to a gauntlet.
 18788 | Gauntlet | Entered a Gauntlet
 18788 | Gauntlet | Found a transporter.
 18788 | Gauntlet | Found a transporter.
 18794 | Gauntlet | Found a transporter.
 18806 | Gauntlet | Found a runed translucent door.
 18808 | Gauntlet | Found a transporter.
 18825 | Gauntlet | Found a transporter.
 18825 | Gauntlet | Found a transporter.
 18825 | Gauntlet | Found a transporter.
 18827 | Gauntlet | Found a transporter.
 18828 | Gauntlet | Found a transporter.
 18840 | Gauntlet | Found a transporter.
 18858 | Gauntlet | Found a transporter.
 18868 | Gauntlet | Found a transporter.
 18883 | Gauntlet | Found a transporter.
 18903 | Gauntlet | Found a transporter.
 18937 | Gauntlet | 18937 ||| INVOKING Heroism.
 18996 | Gauntlet | 18996 ||| DROPPING +6 ring of intelligence.
 19011 | Gauntlet | 19011 ||| INVOKING Heroism.
 19022 | Gauntlet | 19022 ||| Stepping randomly (stuck).
 19111 | Gauntlet | 19111 ||| READING scroll of enchant armour.
 19111 | Gauntlet | 19111 ||| ENCHANTING +1 cloak.
 19143 | Gauntlet | 19143 ||| INVOKING Heroism.
 19269 | D:13     | 19269 ||| PLANNING D
 19279 | D:13     | Noticed Sonja
 19280 | D:13     | 19280 ||| INVOKING Finesse.
 19281 | D:13     | Killed Sonja
 19281 | D:13     | Received a gift from Okawaru
 19282 | D:13     | Reached skill level 12 in Fighting
 19603 | D:13     | 19603 ||| Stepping ~*~*~tactically~*~*~ (hiding).
 19605 | D:13     | 19605 ||| Stepping ~*~*~tactically~*~*~ (hiding).
 19741 | D:13     | Found a gate to the Vaults.
 19747 | D:13     | Received a gift from Okawaru
 19794 | D:14     | 19794 ||| STAIRDANCE
 19803 | D:14     | 19803 ||| STAIRDANCE
 19863 | D:14     | 19863 ||| STAIRDANCE
 19913 | D:14     | 19913 ||| Stepping ~*~*~tactically~*~*~ (stealth).
 19914 | D:14     | 19914 ||| Stepping ~*~*~tactically~*~*~ (stealth).
 19916 | D:14     | 19916 ||| INVOKING Heroism.
 19917 | D:14     | 19917 ||| INVOKING Finesse.
 20034 | D:14     | Found a frozen archway.
 20104 | D:14     | Received a gift from Okawaru
 20117 | D:14     | 20117 ||| Stepping ~*~*~tactically~*~*~ (hiding).
 20119 | D:14     | 20119 ||| INVOKING Heroism.
 20193 | D:14     | 20193 ||| Stepping ~*~*~tactically~*~*~ (stealth).
 20197 | D:14     | 20197 ||| Stepping ~*~*~tactically~*~*~ (hiding).
 20351 | D:14     | 20351 ||| INVOKING Heroism.
 20448 | D:14     | 20448 ||| INVOKING Heroism.
 20455 | D:14     | 20455 ||| FLEEEEING.
 20456 | D:14     | 20456 ||| FLEEEEING.
 20457 | D:14     | 20457 ||| FLEEEEING.
 20458 | D:14     | 20458 ||| FLEEEEING.
 20459 | D:14     | 20459 ||| FLEEEEING.
 20460 | D:14     | 20460 ||| FLEEEEING.
 20461 | D:14     | 20461 ||| FLEEEEING.
 20467 | D:14     | 20467 ||| FLEEEEING.
 20468 | D:14     | 20468 ||| FLEEEEING.
 20469 | D:14     | 20469 ||| FLEEEEING.
 20470 | D:14     | 20470 ||| FLEEEEING.
 20471 | D:14     | 20471 ||| FLEEEEING.
 20472 | D:14     | 20472 ||| FLEEEEING.
 20473 | D:14     | 20473 ||| FLEEEEING.
 20474 | D:14     | 20474 ||| FLEEEEING.
 20475 | D:14     | 20475 ||| FLEEEEING.
 20482 | D:14     | 20482 ||| FLEEEEING.
 20483 | D:14     | 20483 ||| FLEEEEING.
 20486 | D:14     | 20486 ||| FLEEEEING.
 20491 | D:14     | 20491 ||| FLEEEEING.
 20496 | D:14     | 20496 ||| FLEEEEING.
 20497 | D:14     | 20497 ||| FLEEEEING.
 20498 | D:14     | 20498 ||| FLEEEEING.
 20499 | D:14     | 20499 ||| FLEEEEING.
 20500 | D:14     | 20500 ||| FLEEEEING.
 20501 | D:14     | 20501 ||| INVOKING Heroism.
 20689 | D:14     | 20689 ||| UPGRADING to ring of see invisible.
 20720 | D:15     | Entered Level 15 of the Dungeon
 20738 | D:15     | 20738 ||| Stepping ~*~*~tactically~*~*~ (hiding).
 20744 | D:15     | Reached skill level 16 in Axes
 20816 | D:15     | 20816 ||| INVOKING Heroism.
 21042 | D:15     | 21042 ||| INVOKING Heroism.
 21053 | D:15     | Received a gift from Okawaru
 21072 | D:15     | 21072 ||| FLEEEEING.
 21073 | D:15     | 21073 ||| FLEEEEING.
 21074 | D:15     | 21074 ||| FLEEEEING.
 21075 | D:15     | 21075 ||| FLEEEEING.
 21121 | D:15     | Noticed Jorgrun
 21122 | D:15     | 21122 ||| Stepping ~*~*~tactically~*~*~ (hiding).
 21125 | D:15     | 21125 ||| INVOKING Heroism.
 21126 | D:15     | 21126 ||| INVOKING Finesse.
 21135 | D:15     | Killed Jorgrun
 21257 | D:15     | 21257 ||| INVOKING Finesse.
 21277 | D:15     | Identified the +8 war axe of Conservatism {holy, Drain
                  | +Blink rCorr Dex+2} (Okawaru gifted it to you on level 15
                  | of the Dungeon)
 21277 | D:15     | Received a gift from Okawaru
 21294 | D:15     | Found a staircase to the Depths.
 21332 | D:15     | 21332 ||| INVOKING Heroism.
 21333 | D:15     | 21333 ||| INVOKING Finesse.
 21335 | D:15     | 21335 ||| SWAPPING to +2 hand axe of flaming.
 21342 | D:15     | 21342 ||| SWAPPING to +12 broad axe of the Nurturing Oracle
                  | {freeze, rPois rF+ Dex+5}.
 21449 | D:15     | 21449 ||| INVOKING Heroism.
 21618 | D:15     | 21618 ||| Stepping ~*~*~tactically~*~*~ (hiding).
 21988 | D:15     | 21988 ||| PLANNING ORC
 22131 | Orc:1    | Entered Level 1 of the Orcish Mines
 22159 | Orc:1    | 22159 ||| Stepping ~*~*~tactically~*~*~ (stealth).
 22182 | Orc:1    | 22182 ||| INVOKING Heroism.
 22262 | Orc:1    | Found Ucuycu's Antique Armour Boutique.
 22278 | Orc:1    | 22278 ||| BUYING glowing chain mail (172 gold).
 22278 | Orc:1    | Bought a glowing chain mail for 172 gold pieces
 22278 | Orc:1    | 22278 ||| BUYING pitted plate armour (644 gold).
 22278 | Orc:1    | Bought a pitted plate armour for 644 gold pieces
 22278 | Orc:1    | Identified the +1 plate armour of Decompression {+Inv Int-2
                  | Dex+4 SInv} (You bought it in a shop on level 1 of the
                  | Orcish Mines)
 22488 | Orc:1    | 22488 ||| DROPPING +0 plate armour.
 22489 | Orc:1    | 22489 ||| DROPPING +2 chain mail of positive energy.
 22490 | Orc:1    | 22490 ||| UPGRADING to +1 plate armour of Decompression
                  | {+Inv Int-2 Dex+4 SInv}.
 22500 | Orc:1    | 22500 ||| REMOVING ring of see invisible.
 22501 | Orc:1    | 22501 ||| DROPPING +3 chain mail of willpower.
 22502 | Orc:1    | 22502 ||| UPGRADING to ring of willpower.
 22541 | Orc:2    | Entered Level 2 of the Orcish Mines
 22542 | Orc:2    | 22542 ||| INVOKING Heroism.
 22621 | Orc:1    | 22621 ||| Stepping ~*~*~tactically~*~*~ (stealth).
 22622 | Orc:1    | 22622 ||| Stepping ~*~*~tactically~*~*~ (stealth).
 22631 | Orc:1    | 22631 ||| Stepping ~*~*~tactically~*~*~ (hiding).
 22839 | Orc:2    | 22839 ||| INVOKING Heroism.
 22851 | Orc:2    | Reached XP level 16. HP: 97/101 MP: 23/23
 22851 | Orc:2    | Paralysed by an orc sorcerer for 3 turns
 22957 | Orc:2    | 22957 ||| Stepping ~*~*~tactically~*~*~ (hiding).
 22959 | Orc:2    | 22959 ||| INVOKING Heroism.
 22963 | Orc:2    | Found Qoloq's Magic Scroll Shop.
 22973 | Orc:2    | 22973 ||| Stepping ~*~*~tactically~*~*~ (hiding).
 22989 | Orc:2    | Received a gift from Okawaru
 22989 | Orc:2    | HP: 12/101 [orc priest/divine providence (15)]
 22990 | Orc:2    | 22990 ||| READING 6 scrolls of teleportation.
 22990 | Orc:2    | HP: 5/101 [smoke demon/divine providence[an orc sorcerer]
                  | (8)]
 22991 | Orc:2    | 22991 ||| DRINKING 3 potions of heal wounds.
 22992 | Orc:2    | 22992 ||| DRINKING 2 potions of heal wounds.
 22994 | Orc:2    | 22994 ||| DRINKING potion of heal wounds.
 22994 | Orc:2    | Found Ogiege's Armour Shop.
 22996 | Orc:2    | 22996 ||| Stepping ~*~*~tactically~*~*~ (stealth).
 23002 | Orc:2    | 23002 ||| Stepping ~*~*~tactically~*~*~ (stealth).
 23003 | Orc:2    | 23003 ||| Stepping ~*~*~tactically~*~*~ (stealth).
 23004 | Orc:2    | 23004 ||| Stepping ~*~*~tactically~*~*~ (hiding).
 23007 | Orc:2    | 23007 ||| INVOKING Heroism.
 23018 | Orc:2    | 23018 ||| FLEEEEING.
 23045 | Orc:2    | 23045 ||| Stepping ~*~*~tactically~*~*~ (stealth).
 23046 | Orc:2    | 23046 ||| Stepping ~*~*~tactically~*~*~ (stealth).
 23047 | Orc:2    | 23047 ||| Stepping ~*~*~tactically~*~*~ (stealth).
 23207 | Orc:2    | Found Ushroix's Weapon Emporium.
 23211 | Orc:2    | Found Jufola's General Store.
 23214 | Orc:2    | 23214 ||| BUYING +2 chain mail of cold resistance (279
                  | gold).
 23214 | Orc:2    | Bought a +2 chain mail of cold resistance for 279 gold
                  | pieces
 23227 | Orc:2    | 23227 ||| BUYING scroll of enchant weapon (75 gold).
 23227 | Orc:2    | Bought a scroll of enchant weapon for 75 gold pieces
 23227 | Orc:2    | 23227 ||| BUYING scroll of teleportation (30 gold).
 23227 | Orc:2    | Bought a scroll of teleportation for 30 gold pieces
 23473 | Orc:2    | Found a staircase to the Elven Halls.
 23520 | Orc:2    | 23520 ||| PLANNING SPIDER:1-3
 23699 | Spider:1 | Entered Level 1 of the Spider Nest
 23804 | Spider:1 | 23804 ||| Stepping ~*~*~tactically~*~*~ (stealth).
 23836 | Spider:1 | 23836 ||| Stepping ~*~*~tactically~*~*~ (stealth).
 23881 | Spider:1 | 23881 ||| Stepping ~*~*~tactically~*~*~ (stealth).
 23956 | Spider:1 | 23956 ||| Stepping ~*~*~tactically~*~*~ (stealth).
 23958 | Spider:1 | 23958 ||| Stepping ~*~*~tactically~*~*~ (stealth).
 23973 | Spider:1 | 23973 ||| Stepping ~*~*~tactically~*~*~ (stealth).
 23974 | Spider:1 | 23974 ||| Stepping ~*~*~tactically~*~*~ (stealth).
 24031 | Spider:1 | 24031 ||| Stepping ~*~*~tactically~*~*~ (stealth).
 24032 | Spider:1 | 24032 ||| Stepping ~*~*~tactically~*~*~ (stealth).
 24034 | Spider:1 | 24034 ||| INVOKING Finesse.
 24035 | Spider:1 | 24035 ||| INVOKING Heroism.
 24044 | Spider:1 | 24044 ||| Stepping ~*~*~tactically~*~*~ (stealth).
 24204 | Spider:1 | 24204 ||| INVOKING Heroism.
 24352 | Spider:1 | 24352 ||| Stepping ~*~*~tactically~*~*~ (hiding).
 24472 | Spider:1 | Received a gift from Okawaru
 25117 | Spider:2 | 25117 ||| Stepping ~*~*~tactically~*~*~ (hiding).
 25268 | Spider:2 | 25268 ||| Stepping ~*~*~tactically~*~*~ (stealth).
 25269 | Spider:2 | 25269 ||| Stepping ~*~*~tactically~*~*~ (hiding).
 25270 | Spider:2 | 25270 ||| Stepping ~*~*~tactically~*~*~ (hiding).
 25271 | Spider:2 | 25271 ||| INVOKING Heroism.
 25329 | Spider:2 | 25329 ||| FLEEEEING.
 25336 | Spider:2 | 25336 ||| STAIRDANCE
 25433 | Spider:2 | 25433 ||| Stepping ~*~*~tactically~*~*~ (stealth).
 25474 | Spider:2 | 25474 ||| Stepping ~*~*~tactically~*~*~ (stealth).
 25617 | Spider:2 | 25617 ||| Stepping ~*~*~tactically~*~*~ (stealth).
 25639 | Spider:2 | 25639 ||| Stepping ~*~*~tactically~*~*~ (stealth).
 25684 | Spider:2 | 25684 ||| Stepping ~*~*~tactically~*~*~ (stealth).
 25686 | Spider:2 | 25686 ||| Stepping ~*~*~tactically~*~*~ (hiding).
 25697 | Spider:2 | Reached skill level 17 in Axes
 25795 | Spider:2 | 25795 ||| Stepping ~*~*~tactically~*~*~ (stealth).
 25797 | Spider:2 | 25797 ||| INVOKING Heroism.
 25871 | Spider:2 | 25871 ||| INVOKING Heroism.
 25908 | Spider:2 | 25908 ||| INVOKING Heroism.
 25927 | Spider:2 | 25927 ||| INVOKING Heroism.
 26329 | Spider:2 | Reached skill level 12 in Armour
 26428 | Spider:3 | 26428 ||| Stepping ~*~*~tactically~*~*~ (stealth).
 26430 | Spider:3 | 26430 ||| Stepping ~*~*~tactically~*~*~ (stealth).
 26432 | Spider:3 | 26432 ||| STAIRDANCE
 26442 | Spider:3 | 26442 ||| STAIRDANCE
 26458 | Spider:3 | 26458 ||| Stepping ~*~*~tactically~*~*~ (hiding).
 26479 | Spider:3 | 26479 ||| Stepping ~*~*~tactically~*~*~ (stealth).
 26480 | Spider:3 | 26480 ||| Stepping ~*~*~tactically~*~*~ (stealth).
 26481 | Spider:3 | 26481 ||| Stepping ~*~*~tactically~*~*~ (stealth).
 26482 | Spider:3 | 26482 ||| Stepping ~*~*~tactically~*~*~ (stealth).
 26493 | Spider:3 | 26493 ||| Stepping ~*~*~tactically~*~*~ (stealth).
 26499 | Spider:3 | 26499 ||| INVOKING Heroism.
 26511 | Spider:3 | Received a gift from Okawaru
 26644 | Spider:3 | 26644 ||| Stepping ~*~*~tactically~*~*~ (hiding).
 26645 | Spider:3 | 26645 ||| INVOKING Heroism.
 26679 | Spider:3 | 26679 ||| INVOKING Finesse.
 26680 | Spider:3 | 26680 ||| INVOKING Finesse.
 26681 | Spider:3 | Identified the +7 long sword "Uwnefon" {freeze, SInv}
                  | (Okawaru gifted it to you on level 3 of the Spider Nest)
 26681 | Spider:3 | Received a gift from Okawaru
 26717 | Spider:3 | 26717 ||| Stepping ~*~*~tactically~*~*~ (stealth).
 26718 | Spider:3 | 26718 ||| INVOKING Finesse.
 26719 | Spider:3 | 26719 ||| INVOKING Heroism.
 26766 | Spider:3 | Reached XP level 17. HP: 108/108 MP: 24/24
 26825 | Spider:3 | 26825 ||| Stepping ~*~*~tactically~*~*~ (stealth).
 26886 | Spider:3 | 26886 ||| FLEEEEING.
 26887 | Spider:3 | 26887 ||| INVOKING Heroism.
 27192 | Spider:3 | 27192 ||| PLANNING SWAMP:1-3
 27192 | Spider:3 | 27192 ||| DROPPING amulet of guardian spirit.
 27193 | Spider:3 | 27193 ||| READING scroll labelled XAESEZYINE.
 27194 | Spider:3 | 27194 ||| READING scroll labelled AGUILIYSAE.
 27269 | Swamp:1  | Entered Level 1 of the Swamp
 27304 | Swamp:1  | 27304 ||| INVOKING Heroism.
 27463 | Swamp:1  | Identified the +10 dagger "Transmigrator" {vorpal, rC+ rN+}
 27714 | Swamp:1  | 27714 ||| INVOKING Heroism.
 27715 | Swamp:1  | 27715 ||| SWAPPING to +2 hand axe of flaming.
 27728 | Swamp:1  | 27728 ||| SWAPPING to +12 broad axe of the Nurturing Oracle
                  | {freeze, rPois rF+ Dex+5}.
 27831 | Swamp:1  | Received a gift from Okawaru
 27961 | Swamp:2  | 27961 ||| INVOKING Heroism.
 27962 | Swamp:2  | 27962 ||| STAIRDANCE
 27973 | Swamp:2  | 27973 ||| STAIRDANCE
 27977 | Swamp:1  | Reached skill level 18 in Axes
 27985 | Swamp:2  | 27985 ||| STAIRDANCE
 28039 | Swamp:2  | 28039 ||| STAIRDANCE
 28051 | Swamp:2  | 28051 ||| INVOKING Heroism.
 28095 | Swamp:2  | 28095 ||| INVOKING Finesse.
 28101 | Swamp:2  | 28101 ||| INVOKING Heroism.
 28196 | Swamp:2  | 28196 ||| INVOKING Heroism.
 28204 | Swamp:2  | Received a gift from Okawaru
 28353 | Swamp:2  | 28353 ||| Stepping ~*~*~tactically~*~*~ (hiding).
 28356 | Swamp:2  | 28356 ||| INVOKING Heroism.
 28357 | Swamp:2  | 28357 ||| INVOKING Finesse.
 28366 | Swamp:2  | Received a gift from Okawaru
 28394 | Swamp:2  | 28394 ||| Stepping ~*~*~tactically~*~*~ (hiding).
 28411 | Swamp:2  | 28411 ||| INVOKING Finesse.
 28548 | Swamp:2  | 28548 ||| Stepping ~*~*~tactically~*~*~ (cloud).
 28549 | Swamp:2  | 28549 ||| Stepping ~*~*~tactically~*~*~ (cloud).
 28579 | Swamp:2  | 28579 ||| INVOKING Heroism.
 28775 | Swamp:3  | 28775 ||| INVOKING Heroism.
 28776 | Swamp:3  | 28776 ||| SWAPPING to +2 hand axe of flaming.
 28784 | Swamp:3  | 28784 ||| SWAPPING to +12 broad axe of the Nurturing Oracle
                  | {freeze, rPois rF+ Dex+5}.
 28815 | Swamp:3  | Identified the +6 mace of Guile {freeze, Drain Int+4 Dex+3}
 28817 | Swamp:3  | 28817 ||| Stepping ~*~*~tactically~*~*~ (hiding).
 28819 | Swamp:3  | 28819 ||| Stepping ~*~*~tactically~*~*~ (hiding).
 28820 | Swamp:3  | Noticed Donald
 28821 | Swamp:3  | 28821 ||| INVOKING Heroism.
 28822 | Swamp:3  | 28822 ||| SWAPPING to +2 hand axe of flaming.
 28823 | Swamp:3  | 28823 ||| INVOKING Finesse.
 28833 | Swamp:3  | 28833 ||| Stepping ~*~*~tactically~*~*~ (cloud).
 28834 | Swamp:3  | 28834 ||| SWAPPING to +12 broad axe of the Nurturing Oracle
                  | {freeze, rPois rF+ Dex+5}.
 28838 | Swamp:3  | 28838 ||| SWAPPING to +2 hand axe of flaming.
 28848 | Swamp:3  | 28848 ||| SWAPPING to +12 broad axe of the Nurturing Oracle
                  | {freeze, rPois rF+ Dex+5}.
 28852 | Swamp:3  | 28852 ||| SWAPPING to +2 hand axe of flaming.
 28857 | Swamp:3  | HP: 20/110 [Donald/+5 long sword of flaming (19)]
 28858 | Swamp:3  | 28858 ||| READING 7 scrolls of teleportation.
 28858 | Swamp:3  | HP: 6/110 [spriggan druid/angry trees (11)]
 28858 | Swamp:3  | Slain by a goliath frog

Levels and vault maps discovered:
D:1:      minmay_arrival_radiant_lines, layout_basic,
          shapermc_ecumenical_altar_starsandcircs, minivault_23,
          minmay_misc_feat_x, minmay_pentomino_p4
D:2:      layout_basic, guppyfry_early_orc_mine, uniq_natasha
D:3:      layout_loops_corners, minmay_fountain_box,
          minmay_fractal_squares_gapless_5, uniq_jessica
D:4:      layout_layer_cave, grunt_temple_overflow_diamond,
          chequers_serial_rivers_micro_e, nicolae_figureground_sparkle,
          uniq_crazy_yiuf_cottage, uniq_ijyb
D:5:      layout_basic, mainiacjoe_overflow_six_doors_small,
          minmay_temple_entry_slanted
D:6:      layout_cave_pools, serial_gnoll_camp, gnoll_camp_mini_shop,
          gnoll_camp_mini_loothouse, gnoll_camp_mini_hut,
          gnoll_camp_mini_doghouse, ebering_ghost_sewer_f
D:7:      layout_basic, zin_purify, serial_rivers,
          chequers_serial_rivers_micro_c, chequers_serial_rivers_room_a,
          chequers_serial_rivers_small_a, chequers_serial_rivers_micro_e,
          chequers_serial_rivers_large_b
D:8:      layout_rooms, marbit_many_paths, minmay_starry_boxes
D:9:      layout_stronghold, serial_shops, nicolae_stop_n_shop_1,
          nzn_sisyphean_effort, uniq_pikel
D:10:     layout_loops_corners, lair_entry_dummy
D:11:     layout_long_grid, david_orc_4, serial_shops, shop
D:12:     layout_irregular_city, nicolae_trove_entry_crystal,
          evilmike_ruin_ashenzari
D:13:     layout_roguey [special_room_orc], david_vaults_1,
          gauntlet_entry_generic, uniq_sonja
D:14:     layout_roguey, serial_ice, serial_ice_k, serial_ice_n, serial_ice_a,
          serial_ice_o, serial_ice_b, serial_ice_e,
          portal_ice_cave_entry_pillars_three
D:15:     hangedman_depths_entry_try_elsewhere_first, layout_stronghold,
          minmay_misc_feat_encased, uniq_jorgrun
Temple:   kb_temple_of_zot
Lair:1:   layout_small_grid
Lair:2:   layout_cave_shapes, minmay_swamp_entry_worms,
          hellmonk_spider_entry_life_and_decay
Lair:3:   layout_regular_city, kennysheep_basilisk_garden
Lair:4:   layout_misc_corridors, slime_entry_1, uniq_urug
Lair:5:   evilmike_catoblepas_cave, layout_cave_pods
Swamp:1:  layout_falls_marsh, evilmike_swamp_ruin_rubble_1,
          infiniplex_staircase_pool_2
Swamp:2:  layout_basic_swamp, evilmike_swamp_ruin_house_3
Swamp:3:  layout_falls_marsh, nicolae_swamp_decorative_isthmus, uniq_donald,
          uniq_aizul
Spider:1: layout_chambers
Spider:2: layout_spider_delve, nicolae_spider_wall_of_niches
Spider:3: layout_spider_delve
Orc:1:    layout_diamond_mine, basic_altar, serial_shops, shop
Orc:2:    st_orc_elflike, layout_caves

Skill      XL: |  1  2  3  4  5  6  7  8  9 10 11 12 13 14 15 16 17 |
---------------+----------------------------------------------------+-----
Axes           | 2 3 4 5 6 8 9 11 13 14 15 16 17 18 | 18.0
Fighting       | 5 6 7 8 9 10 11 12 13 | 13.9
Dodging        | 2 3 4 5 6 7 8 |  8.0
Throwing       | 2 3 4 5 6 7 |  7.0
Armour         | 4 5 6 7 8 9 10 12 | 12.0
Invocations    | 1 4 8 10 | 10.0
Shields        | 4 5 6 8 12 13 | 13.5

Action                   |  1- 3 |  4- 6 |  7- 9 | 10-12 | 13-15 | 16-18 || total
-------------------------+-------+-------+-------+-------+-------+-------++-------
Melee: War axe           |   107 |   171 |   329 |    58 |       |       ||   665
       Peck              |       |       |    43 |    56 |   162 |   129 ||   390
       Broad axe         |       |       |       |   210 |   687 |   472 ||  1369
       Hand axe          |       |       |       |     8 |    10 |    42 ||    60
Throw: Javelin           |       |       |    26 |    64 |   148 |   117 ||   355
       Boomerang         |       |       |     4 |    26 |    33 |    15 ||    78
Invok: Heroism           |       |       |     8 |    23 |    44 |    23 ||    98
       Finesse           |       |       |       |     1 |    18 |     7 ||    26
  Use: Scroll            |     4 |     5 |     8 |    10 |     3 |     4 ||    34
       Potion            |       |     3 |     7 |     1 |     1 |     3 ||    15
 Stab: Petrifying        |       |       |       |       |     2 |       ||     2
Armor: Scale mail        |    25 |       |       |       |       |       ||    25
       Chain mail        |    45 |   125 |   223 |   152 |   214 |       ||   759
       Plate armour      |       |       |       |       |    10 |   213 ||   223
Dodge: Dodged            |    35 |    50 |   126 |   125 |   237 |   208 ||   781
Block: Buckler           |    26 |    26 |    64 |    67 |    11 |       ||   194
       Kite shield       |       |       |       |       |   341 |   367 ||   708

Table legend:
 A = Non-vault XP
 B = Vault XP
 C = Vault XP percentage of total XP
 D = Non-vault monster count
 E = Vault monster count
 F = Vault count percentage of total count
                 A         B        C        D         E       F
            +---------+---------+-------+---------+---------+-------
      Total |  181851 |   39757 |  17.9 |     698 |     171 |  19.7
            +---------+---------+-------+---------+---------+-------
        D:1 |      19 |       3 |  13.6 |      11 |       2 |  15.4
        D:2 |      42 |      52 |  55.3 |      18 |       8 |  30.8
        D:3 |      73 |      45 |  38.1 |      24 |       5 |  17.2
        D:4 |     413 |      36 |   8.0 |      26 |       1 |   3.7
        D:5 |    1048 |       0 |   0.0 |      21 |       0 |   0.0
        D:6 |     717 |     394 |  35.5 |      19 |      14 |  42.4
        D:7 |    1394 |       0 |   0.0 |      15 |       0 |   0.0
        D:8 |    2673 |     766 |  22.3 |      28 |       8 |  22.2
        D:9 |    1640 |    1428 |  46.5 |      21 |       2 |   8.7
       D:10 |    2548 |       0 |   0.0 |       9 |       0 |   0.0
       D:11 |    7089 |     696 |   8.9 |      24 |      16 |  40.0
       D:12 |    7479 |       0 |   0.0 |      30 |       0 |   0.0
       D:13 |    6941 |    3114 |  31.0 |      18 |      30 |  62.5
       D:14 |    8050 |    1412 |  14.9 |      17 |      10 |  37.0
       D:15 |   12082 |    3695 |  23.4 |      24 |       5 |  17.2
     Lair:1 |    2720 |       0 |   0.0 |      12 |       0 |   0.0
     Lair:2 |    7323 |    1172 |  13.8 |      21 |       5 |  19.2
     Lair:3 |    9098 |     780 |   7.9 |      28 |       4 |  12.5
     Lair:4 |   16386 |     787 |   4.6 |      61 |       1 |   1.6
     Lair:5 |    8384 |   10345 |  55.2 |      34 |      23 |  40.4
    Swamp:1 |   10331 |       0 |   0.0 |      30 |       0 |   0.0
    Swamp:2 |   16984 |       0 |   0.0 |      23 |       0 |   0.0
    Swamp:3 |    7250 |       0 |   0.0 |      13 |       0 |   0.0
   Spider:1 |   14465 |       0 |   0.0 |      40 |       0 |   0.0
   Spider:2 |   12930 |    3938 |  23.3 |      29 |       5 |  14.7
   Spider:3 |   17751 |       0 |   0.0 |      38 |       0 |   0.0
      Orc:1 |    1474 |       0 |   0.0 |      27 |       0 |   0.0
      Orc:2 |    3520 |    7941 |  69.3 |      34 |      23 |  40.4
   Gauntlet |    1027 |    3153 |  75.4 |       3 |       9 |  75.0
            +---------+---------+-------+---------+---------+-------
